 Dungeon Crawl Stone Soup version 0.18.1-50-g88ac8fd (webtiles) character file.

1493 DaddyBuck the Shield-Bearer (level 9, -12/69 HPs)
             Began as a Formicid Fighter on Jan 2, 2017.
             Was an Initiate of Makhleb.
             Killed from afar by a gargoyle (22 damage)
             ... with a stone arrow
             ... on level 7 of the Dungeon.
             The game lasted 00:21:05 (9693 turns).

DaddyBuck the Shield-Bearer (Formicid Fighter)      Turns: 9693, Time: 00:21:06

Health: -12/69     AC: 13    Str: 24    XL:     9   Next: 8%
Magic:  9/9        EV:  6    Int: 10    God:    Makhleb [......]
Gold:   304        SH: 10    Dex:  8    Spells: 0 memorised, 8 levels left

rFire  . . .     SeeInvis +     a - +1 war axe
rCold  . . .     Gourm    +     t - +1 plate armour
rNeg   . . .     Faith    .     c - +0 shield
rPois  +         Spirit   .     (helmet unavailable)
rElec  .         Dismiss  .     (no cloak)
rCorr  .         Reflect  .     (no gloves)
SustAt .         Harm     .     (no boots)
MR     .....                    s - amulet of the gourmand
Stlth  ..........               b - ring of poison resistance
                                u - ring of stealth

@: heavily drained, not resistant to hostile enchantments, extremely unstealthy
A: permanent stasis, dig shafts and tunnels, four strong arms, antennae 3,
clever 1, clumsy 1, no device heal 1
a: Dig, Shaft Self, Renounce Religion


You were on level 7 of the Dungeon.
You worshipped Makhleb.
Makhleb was noncommittal.
You were not hungry.

You visited 1 branch of the dungeon, and saw 7 of its levels.

You collected 414 gold pieces.
You spent 110 gold pieces at shops.

Inventory:

Hand Weapons
 a - a +1 war axe (weapon)
Armour
 c - a +0 shield (worn)
 t - a +1 plate armour (worn)
Jewellery
 b - a ring of poison resistance (right hand)
 s - an amulet of the gourmand (around neck)
 u - a ring of stealth (left hand)
 x - an uncursed ring of see invisible {unknown}
Wands
 d - a wand of paralysis (19/24)
Scrolls
 k - a scroll of enchant weapon
 l - 2 scrolls of immolation
 n - 2 scrolls of fear
 q - a scroll of amnesia
 y - 3 scrolls of identify
Potions
 e - a potion of invisibility
 i - a potion of flight
 j - 5 potions of curing
 m - a potion of mutation
 o - a potion of brilliance
 p - 2 potions of agility
 v - 2 potions of might
Comestibles
 f - 5 bread rations
 g - 4 meat rations
 h - 3 royal jellies
 r - 3 beef jerkies


   Skills:
 + Level 6.2(4.8) Fighting
 + Level 4.9(3.5) Axes
 + Level 6.3(4.9) Armour
 + Level 4.0(2.7) Dodging
 + Level 6.7(5.3) Shields


You had 8 spell levels left.
You didn't know any spells.

Dungeon Overview and Level Annotations

Branches:
Dungeon (7/15)             Temple (0/1) D:6

Altars:
Elyvilon
Makhleb
Nemelex Xobeh
Trog
Vehumet
The Shining One

Shops:
D:6 ?


Innate Abilities, Weirdness & Mutations

You are under a permanent stasis effect.
You can dig through walls and to a lower floor.
Your four strong arms can wield two-handed weapons with a shield.
You have a pair of large antennae on your head (SInv).
Your mind is acute. (Int +2)
You are clumsy. (Dex -2)
Potions and wands are less effective at restoring your health.


Message History

Unknown command.
You hit the gargoyle but do no damage.
The gargoyle is moderately damaged.
The gargoyle hurls a stone arrow at you.
The stone arrow hits you!
* * * LOW HITPOINT WARNING * * *
Read which item? (? for menu, Esc to quit)
Okay, then.
The gargoyle hurls a stone arrow at you.
The stone arrow misses you.
Read which item? (? for menu, Esc to quit)
Okay, then.
Unknown command.
Drink which item? (? for menu, Esc to quit)
You feel extremely strange.
Your system partially rejects artificial healing.
You feel clever.
You feel clumsy.
The gargoyle hurls a stone arrow at you.
The stone arrow hits you!
You die...

#########..#
#.......#..#
#.....))#
#.....#
###..#.#
##..## #
####9.##
#.....# ..
#...@.# #.#
#....## #.#
#...##
#.####...#
#..##...##
#..#...##
#..#...#
#.....##
>... #.....#


You could see a gargoyle.

Vanquished Creatures
  The ghost of DaddyBuck the Shield-Bearer, an amateur MiFi (D:4)
  The ghost of DaddyBuck the Covered, an amateur DgFi (D:5)
  The ghost of DaddyBuck the Skirmisher, an amateur MiFi (D:3)
  A centaur (D:6)
  An ogre (D:4)
  A wyvern zombie (D:7)
  A vampire bat (D:3)
  A howler monkey (D:4)
  A crimson imp (D:6)
  A giant frog skeleton (D:5)
  2 hounds
  2 jellies (D:6)
  An orc priest (D:7)
  2 iguanas (D:5)
  3 worker ants (D:4)
  A killer bee zombie (D:5)
  A hound skeleton (D:5)
  A howler monkey zombie (D:5)
  A worker ant zombie (D:5)
  3 gnolls (D:3)
  5 adders
  An ooze (D:1)
  An adder skeleton (D:4)
  2 worms
  A dart slug (D:2)
  3 fire bats (D:3)
  3 giant geckos
  14 orcs
  2 spectral bats (D:3)
  17 bats
  3 bat skeletons (D:3)
  A bat zombie (D:3)
  9 giant cockroaches
  8 goblins
  8 hobgoblins
  5 jackals
  9 kobolds
  6 quokkas
  3 ball pythons
  A bat simulacrum (D:3)
  A giant cockroach zombie (D:5)
  2 giant newts
  A jackal skeleton (D:5)
  A quokka zombie (D:6)
  14 rats
148 creatures vanquished.

Notes
Turn   | Place    | Note
--------------------------------------------------------------
     0 | D:1      | DaddyBuck the Formicid Fighter began the quest for the Orb.
     0 | D:1      | Reached XP level 1. HP: 18/18 MP: 1/1
    33 | D:1      | Reached XP level 2. HP: 21/24 MP: 2/2
   400 | D:1      | Reached XP level 3. HP: 28/29 MP: 3/3
   639 | D:1      | Found a glowing golden altar of the Shining One.
   935 | D:2      | Found a white marble altar of Elyvilon.
  1320 | D:2      | Reached XP level 4. HP: 37/37 MP: 4/4
  1331 | D:2      | Reached skill level 1 in Dodging
  1895 | D:3      | Noticed DaddyBuck's ghost (amateur MiFi)
  1914 | D:3      | Killed DaddyBuck's ghost
  1914 | D:3      | Reached XP level 5. HP: 31/42 MP: 5/5
  2221 | D:3      | Reached XP level 6. HP: 47/49 MP: 6/6
  2631 | D:4      | Noticed DaddyBuck's ghost (amateur MiFi)
  2993 | D:3      | Reached skill level 5 in Shields
  3001 | D:3      | Reached XP level 7. HP: 43/55 MP: 7/7
  5815 | D:4      | Killed DaddyBuck's ghost
  5815 | D:4      | Reached skill level 5 in Fighting
  5815 | D:4      | Reached skill level 5 in Armour
  6045 | D:4      | Reached XP level 8. HP: 51/62 MP: 8/8
  6708 | D:5      | Entered Level 5 of the Dungeon
  6753 | D:5      | Noticed DaddyBuck's ghost (amateur DgFi)
  7218 | D:5      | HP: 1/63 [DaddyBuck's ghost (13)]
  7219 | D:5      | Killed DaddyBuck's ghost
  7543 | D:5      | Found a sparkling altar of Nemelex Xobeh.
  8001 | D:5      | Found a radiant altar of Vehumet.
  8906 | D:6      | Found a bloodstained altar of Trog.
  8907 | D:6      | Found a burning altar of Makhleb.
  8916 | D:6      | Became a worshipper of Makhleb the Destroyer
  9089 | D:6      | Found a staircase to the Ecumenical Temple.
  9304 | D:6      | Found Boligrin's Magic Scroll Shop.
  9309 | D:6      | Bought a scroll of identify for 22 gold pieces
  9309 | D:6      | Bought a scroll of identify for 22 gold pieces
  9309 | D:6      | Bought a scroll of identify for 22 gold pieces
  9309 | D:6      | Bought a scroll of identify for 22 gold pieces
  9309 | D:6      | Bought a scroll of identify for 22 gold pieces
  9632 | D:7      | Reached XP level 9. HP: 69/69 MP: 9/9
  9672 | D:7      | Noticed a gargoyle
  9692 | D:7      | Gained mutation: Potions and wands are less effective at restoring your health. [potion of mutation]
  9692 | D:7      | Gained mutation: Your mind is acute. (Int +2) [potion of mutation]
  9692 | D:7      | Gained mutation: You are clumsy. (Dex -2) [potion of mutation]
  9693 | D:7      | Killed from afar by a gargoyle

Skill      XL: |  1  2  3  4  5  6  7  8  9 |
---------------+----------------------------+-----
Shields        | 4 5 6 |  6.7
Dodging        | 1 2 3 4 |  4.0
Armour         | 4 5 6 |  6.3
Fighting       | 4 5 6 |  6.2
Axes           | 3 4 |  4.9

Action                   |  1- 3 |  4- 6 |  7- 9 || total
-------------------------+-------+-------+-------++-------
Melee: War axe           |    81 |    65 |   331 ||   477
       Hand axe          |       |   199 |   119 ||   318
  Use: Scroll            |     9 |     4 |     7 ||    20
       Potion            |       |     1 |     1 ||     2
  Eat: Chunk             |     1 |    17 |    17 ||    35
Armor: Scale mail        |    47 |    45 |       ||    92
       Plate armour      |       |   211 |   189 ||   400
Dodge: Dodged            |    26 |    94 |    95 ||   215
Block: Shield            |    45 |   190 |   248 ||   483
